 Dungeon Crawl Stone Soup version 0.21-a0-630-g344d351 (webtiles) character file.

107 sagitran the Shield-Bearer (level 4, 0/40 HPs)
             Began as a Hill Orc Fighter on Dec 26, 2017.
             Succumbed to a kobold's poison
             ... on level 2 of the Dungeon.
             The game lasted 00:06:29 (1479 turns).

sagitran the Shield-Bearer (Hill Orc Fighter)       Turns: 1479, Time: 00:06:29

Health: 0/40       AC:  8    Str: 17 (19) XL:     4   Next: 85%
Magic:  4/4        EV:  7    Int:  6 (8)  God:
Gold:   113        SH:  9    Dex:  8 (10) Spells: 3/3 levels left

rFire    . . .     SeeInvis .   a - +0 war axe
rCold    . . .     Gourm    .   c - +0 shield
rNeg     . . .     Faith    .   b - +0 scale mail
rPois    .         Spirit   .   k - +0 helmet
rElec    .         Reflect  .   (no cloak)
rCorr    .         Harm     .   (no gloves)
MR       .....                  (no boots)
Stlth    ..........             (no amulet)
HPRegen  0.13/turn              (no ring)
MPRegen  0.09/turn              (no ring)

@: lethally poisoned (0 -> -15)
A: no striking features
a: no special abilities


You were on level 2 of the Dungeon.
You were not hungry.

You visited 1 branch of the dungeon, and saw 3 of its levels.

You collected 113 gold pieces.

Inventory:

Hand Weapons
 a - a +0 war axe (weapon)
Missiles
 e - 98 stones (quivered)
Armour
 b - a +0 scale mail (worn)
 c - a +0 shield (worn)
 k - a +0 helmet (worn)
Scrolls
 h - 2 scrolls of teleportation {unknown}
 i - 2 scrolls of magic mapping {unknown}
 j - a scroll of remove curse {unknown}
 l - a scroll of identify {unknown}
Potions
 d - 3 potions of might
 m - a potion of degeneration
Comestibles
 f - 4 rations
 g - 4 chunks of flesh


   Skills:
 + Level 4.0 Fighting
 + Level 3.9 Axes
 + Level 3.9 Armour
 + Level 0.9 Dodging
 + Level 4.3 Shields


You had 3 spell levels left.
You didn't know any spells.

Dungeon Overview and Level Annotations

Branches:
Dungeon (3/15)

Altars:
Wu Jian
Zin


Message History

You feel weakened.
You feel dopey.
You feel clumsy.
* * * LOW HITPOINT WARNING * * *
You feel sick.
* * * LOW HITPOINT WARNING * * *
You feel sick.
There is a lethal amount of poison in your body!
There is a lethal amount of poison in your body!
There is a lethal amount of poison in your body!
There is a lethal amount of poison in your body!
* * * LOW HITPOINT WARNING * * *
You feel sick.
* * * LOW HITPOINT WARNING * * *
You feel sick.
* * * LOW HITPOINT WARNING * * *
You feel sick.
* * * LOW HITPOINT WARNING * * *
You feel sick.
* * * LOW HITPOINT WARNING * * *
You feel sick.
You die...

.###################.####.######.
......#............#.# #.# #.
..###.#......#####.#.####.# #.
..#...#............#.#....# #.
......#..<.........#.#.#########.
##....#............#.............
#....#.#..........#......#######
##....'..........>...............
##....#.#....#..@..#.............
##....#.#....##.#..#....<<...####
#......#.......#..#....#.##.#
##......#.......#..#.......#.#
........#.......#..#.......#.##
........#.......#..#.#....÷...#
........#...............#######
.............##.............#
.......#.†.........#.......##


There were no monsters in sight!

Vanquished Creatures
  A hound skeleton (D:2)
  3 adders (D:2)
  An ooze (D:2)
  2 worms (D:2)
  5 dart slugs
  A leopard gecko (D:2)
  An orc (D:3)
  A ball python (D:1)
  4 giant cockroaches (D:2)
  2 goblins
  2 hobgoblins
  7 bats
  12 frilled lizards
  5 kobolds
  5 rats
52 creatures vanquished.

Notes
Turn   | Place    | Note
-------+----------+-------------------------------------------
     0 | D:1      | sagitran the Hill Orc Fighter began the quest for the Orb.
     0 | D:1      | Reached XP level 1. HP: 19/19 MP: 1/1
   239 | D:1      | Reached XP level 2. HP: 27/27 MP: 2/2
   769 | D:2      | Found a glowing silver altar of Zin.
   792 | D:2      | Reached XP level 3. HP: 28/33 MP: 3/3
  1077 | D:2      | Reached XP level 4. HP: 32/40 MP: 4/4
  1156 | D:2      | Found an ornate altar of the Wu Jian Council.
  1478 | D:2      | HP: 1/40 [poisoned by a kobold]
  1479 | D:2      | Succumbed to a kobold's poison

Vault maps used:
D:1:      dpeg_arrival_rhombi
D:2:      lemuel_doored_altar, marbit_many_paths, minmay_lizard_king
D:3:      okawaru_metal_pillars_1_2, nicolae_overflow_crystal_walls,
          first_ration

Skill      XL: |  1  2  3 |
---------------+----------+-----
Fighting       | 4 |  4.0
Axes           | 3 |  3.9
Shields        | 4 |  4.3
Armour         | |  3.9
Dodging        | |  0.9

Action                   |  1- 3 |  4- 6 || total
-------------------------+-------+-------++-------
Melee: War axe           |   110 |    50 ||   160
Throw: Stone             |     9 |       ||     9
  Use: Potion            |       |     1 ||     1
  Eat: Chunk             |     1 |     1 ||     2
Armor: Scale mail        |    68 |    24 ||    92
Dodge: Dodged            |    46 |    18 ||    64
Block: Shield            |    76 |    37 ||   113

Table legend:
 A = Spawn XP
 B = Non-spawn XP
 C = Spawn XP percentage of total XP
 D = Spawn monster count
 E = Non-spawn monster count
 F = Spawn count percentage of total count
 G = Total turns spent on level
                    A         B        C        D         E        F      G
               +---------+---------+-------+---------+---------+-------+---------
         Total |       0 |     153 |   0.0 |       0 |      52 |   0.0 |  1479
               +---------+---------+-------+---------+---------+-------+---------
           D:1 |       0 |      30 |   0.0 |       0 |      15 |   0.0 |   762
           D:2 |       0 |     118 |   0.0 |       0 |      34 |   0.0 |   688
           D:3 |       0 |       5 |   0.0 |       0 |       3 |   0.0 |    29
               +---------+---------+-------+---------+---------+-------+---------
